 Dungeon Crawl Stone Soup version 0.21.1-1-g345015f (webtiles) character file.

172 keltmir the Chopper (level 5, -6/47 HPs)
             Began as a Hill Orc Fighter on Apr 7, 2018.
             Killed by divine providence
             ... invoked by an orc priest
              (9 damage)
             ... on level 4 of the Dungeon.
             The game lasted 00:06:43 (2638 turns).

keltmir the Chopper (Hill Orc Fighter)              Turns: 2638, Time: 00:06:44

Health: -6/47      AC:  7    Str: 20    XL:     5   Next: 53%
Magic:  5/5        EV:  7    Int:  8    God:
Gold:   300        SH:  9    Dex: 10    Spells: 4/4 levels left

rFire    . . .     SeeInvis .   a - +1 war axe
rCold    . . .     Gourm    .   c - +0 shield
rNeg     . . .     Faith    .   b - +0 scale mail
rPois    .         Spirit   .   (no helmet)
rElec    .         Reflect  .   (no cloak)
rCorr    .         Harm     .   (no gloves)
MR       .....                  (no boots)
Stlth    ..........             (no amulet)
HPRegen  0.15/turn              (no ring)
MPRegen  0.09/turn              (no ring)

@: lethally poisoned (-6 -> -12), very slightly contaminated
A: no striking features
a: Convert to Beogh


You were on level 4 of the Dungeon.
You were not hungry.

You visited 1 branch of the dungeon, and saw 4 of its levels.

You collected 300 gold pieces.

Inventory:

Hand Weapons
 a - a +1 war axe (weapon)
 j - a cursed -2 battleaxe
Missiles
 g - 9 tomahawks (quivered)
Armour
 b - a +0 scale mail (worn)
 c - a +0 shield (worn)
Scrolls
 l - a scroll of teleportation
Potions
 d - a potion of might
 e - a potion of ambrosia {unknown}
 h - a potion of mutation {unknown}
 k - 2 potions of lignification {unknown}
 m - 2 potions of degeneration {unknown}
 n - a potion of curing {unknown}
Comestibles
 f - 5 rations
 i - a chunk of flesh


   Skills:
 + Level 4.7 Fighting
 * Level 4.9 Axes
 + Level 4.6 Armour
 - Level 0.3 Dodging
 - Level 0.3 Stealth
 - Level 3.2 Shields


You had 4 spell levels left.
You didn't know any spells.

Dungeon Overview and Level Annotations

Branches:
Dungeon (4/15)             Temple (0/1) D:4

Altars:
Makhleb


Message History

You miss the adder.
The adder is severely wounded.
Your shield prevents you from hitting the orc priest.
You closely miss the orc.
You feel sick. The adder bites you.
You are more poisoned.
The adder poisons you! You block the orc's attack. The adder bites you.
The orc priest invokes the aid of Beogh against you.
Beogh smites you!
* * * LOW HITPOINT WARNING * * *
The orc priest shouts, "Surrender to Beogh and we'll let you live!"
* * * LOW HITPOINT WARNING * * *
You feel sick. The adder bites you.
* * * LOW HITPOINT WARNING * * *
The adder bites you but does no damage.
The orc priest shouts, "Beogh is our master!
Accept the truth or die!"
* * * LOW HITPOINT WARNING * * *
You feel sick.
The orc priest invokes the aid of Beogh against you.
Beogh smites you!
You die...

### .##.# .# ..
... ...##.###..
... ..##......
###.##.......#
#......†.....#
#..oo....#
#..oo....+
#.PSP....#
#..@..####
#.P.P..>########.
#...............(
#.#..............
#.##..#....###.##
.. ##.#.##.#...
... #.........#.
### #.........).
##.####.####...#


You could see 2 orc priests, an adder and 2 orcs.

Vanquished Creatures
  The ghost of vatarom the Chiller, an amateur GnWn (D:3)
  2 adders
  2 worms
  A dart slug (D:2)
  6 leopard geckos
  An orc (D:4)
  6 bats
  4 giant cockroaches
  6 hobgoblins
  A quokka (D:2)
  2 ball pythons (D:3)
  10 frilled lizards
  5 goblins
  6 kobolds
  A leopard gecko skeleton (D:4)
  6 rats
60 creatures vanquished.

Notes
Turn   | Place    | Note
-------+----------+-------------------------------------------
     0 | D:1      | keltmir the Hill Orc Fighter began the quest for the Orb.
     0 | D:1      | Reached XP level 1. HP: 19/19 MP: 1/1
   231 | D:1      | Reached XP level 2. HP: 25/27 MP: 2/2
   518 | D:1      | You fall through a shaft!
   550 | D:2      | Reached XP level 3. HP: 28/33 MP: 3/3
  1350 | D:2      | Reached XP level 4. HP: 31/40 MP: 4/4
  1887 | D:3      | Noticed vatarom's ghost (amateur GnWn)
  1902 | D:3      | Killed vatarom's ghost
  1902 | D:3      | Reached XP level 5. HP: 15/47 MP: 5/5
  2611 | D:4      | Found a staircase to the Ecumenical Temple.
  2628 | D:4      | Found a burning altar of Makhleb.
  2638 | D:4      | Killed from afar by an orc priest

Skill      XL: |  1  2  3  4 |
---------------+-------------+-----
Fighting       | 4 |  4.7
Axes           | 3 4 |  4.9
Armour         | 4 |  4.6
Dodging        | |  0.3
Stealth        | |  0.3
Shields        | |  3.2

Action                   |  1- 3 |  4- 6 || total
-------------------------+-------+-------++-------
Melee: War axe           |   110 |    83 ||   193
  Use: Scroll            |     3 |     3 ||     6
       Potion            |       |     1 ||     1
  Eat: Chunk             |     2 |       ||     2
       Ration            |       |     1 ||     1
Armor: Scale mail        |    52 |    47 ||    99
Dodge: Dodged            |    40 |    22 ||    62
Block: Shield            |    51 |    57 ||   108
